General information
- name: BNet
- type: Ladder team game (AT/RT)
- host: Battle.net
- saver: sc2no.wc4yes
map: GolemsInTheMist
- players: 8
- length: 18:42
- speed: Fast
- version: 1.26 W3XP
- replay type: Public
» download(141 KB)
Players
team 1 (winner)

»
flood99 (
orange | 42 APM | 793 actions | 18:41)
4 Blademaster
2 Wind Walk
2 Critical Strike
3 Tauren Chieftain
2 Endurance Aura
1 War Stomp
3 Shadow Hunter
2 Healing Wave
1 Hex
» actions
| Assign group hotkey | 9 | |
| Basic commands | 7 | |
| Build / train | 59 | |
| Enter build submenu | 16 | |
| Enter hero's abilities submenu | 10 | |
| Give item / drop item | 1 | |
| Right click | 368 | |
| Select / deselect | 148 | |
| Select group hotkey | 126 | |
| Use ability | 49 | |
793 total
» units
» upgrades
| Ranged Weapons | 3 | |
| Armor | 1 | |
| Shaman Training | 2 | |
| Envenomed Spears | 1 | |
7 total
» buildings
| Altar of Storms | 1 | |
| Orc Burrow | 9 | |
| War Mill | 1 | |
| Voodoo Lounge | 1 | |
| Stronghold | 1 | |
| Fortress | 1 | |
| Beastiary | 2 | |
| Spirit Lodge | 1 | |
| Great Hall | 1 | |
18 total
» build order
00:07 Altar of Storms
00:21 Orc Burrow
01:16 War Mill
01:33 Orc Burrow
01:48 Voodoo Lounge
02:28 Orc Burrow
02:45 Stronghold
03:28 Orc Burrow
04:32 Orc Burrow
04:39 Orc Burrow
05:12 Fortress
05:15 Beastiary
05:25 Beastiary
06:28 Spirit Lodge
06:57 Orc Burrow
08:18 Orc Burrow
13:24 Great Hall
17:46 Orc Burrow
» items
| Healing Salve | 1 | |
| Scroll of Town Portal | 1 | |
| Orb of Lightning | 1 | |
3 total

»
sc2no.wc4yes (
pink | 74 APM | 1389 actions | 18:42)
3 Blood Mage
2 Flame Strike
1 Siphon Mana
» actions
| Assign group hotkey | 74 | |
| Basic commands | 21 | |
| Build / train | 65 | |
| ESC pressed | 3 | |
| Enter build submenu | 25 | |
| Enter hero's abilities submenu | 3 | |
| Right click | 653 | |
| Select / deselect | 142 | |
| Select group hotkey | 332 | |
| Use ability | 71 | |
1389 total
» units
| Peasant | 17 | |
| Goblin Shredder | 2 | |
| Siege Engine | 16 | |
| Goblin Sapper | 6 | |
| Goblin Zeppelin | 1 | |
42 total
» upgrades
| Gunpowder | 3 | |
| Plating | 3 | |
| Masonry | 1 | |
7 total
» buildings
| Altar of Kings | 1 | |
| Farm | 16 | |
| Lumber Mill | 1 | |
| Keep | 1 | |
| Blacksmith | 1 | |
| Town Hall | 2 | |
| Castle | 1 | |
| Workshop | 4 | |
27 total
» build order
00:10 Altar of Kings
00:13 Farm
00:42 Farm
01:11 Lumber Mill
03:39 Farm
03:55 Keep
03:57 Blacksmith
04:29 Town Hall
06:27 Castle
06:48 Workshop
06:49 Workshop
06:49 Workshop
06:50 Workshop
08:06 Farm
08:06 Farm
08:10 Farm
08:11 Farm
08:21 Farm
08:24 Farm
08:25 Farm
08:26 Farm
10:01 Farm
10:02 Farm
10:05 Farm
14:44 Town Hall
» items
| Lesser Clarity Potion | 2 | |
| Healing Salve | 1 | |
| Scroll of Speed | 1 | |
4 total
boberrt (
green | 33 APM | 622 actions | 18:42)
5 Paladin
2 Devotion Aura
2 Holy Light
1 Divine Shield
» actions
| Assign group hotkey | 1 | |
| Basic commands | 83 | |
| Build / train | 62 | |
| Enter build submenu | 25 | |
| Enter hero's abilities submenu | 5 | |
| Right click | 175 | |
| Select / deselect | 220 | |
| Use ability | 51 | |
622 total
» units
| Peasant | 8 | |
| Rifleman | 20 | |
| Goblin Shredder | 1 | |
| Goblin Zeppelin | 1 | |
| Gryphon Rider | 9 | |
39 total
» upgrades
| Gunpowder | 2 | |
| Long Rifles | 1 | |
| Masonry | 1 | |
| Armor | 2 | |
| Swords | 2 | |
| Storm Hammers | 1 | |
9 total
» buildings
| Altar of Kings | 1 | |
| Farm | 10 | |
| Blacksmith | 1 | |
| Barracks | 1 | |
| Lumber Mill | 1 | |
| Arcane Vault | 2 | |
| Keep | 1 | |
| Town Hall | 1 | |
| Castle | 1 | |
| Gryphon Aviary | 4 | |
23 total
» build order
00:05 Altar of Kings
00:25 Farm
01:04 Blacksmith
01:33 Barracks
01:55 Farm
02:23 Lumber Mill
02:33 Farm
03:09 Farm
03:51 Farm
03:59 Arcane Vault
04:00 Arcane Vault
04:36 Farm
05:27 Farm
06:20 Farm
06:36 Farm
06:40 Keep
08:14 Farm
09:37 Town Hall
12:30 Castle
14:46 Gryphon Aviary
14:49 Gryphon Aviary
14:52 Gryphon Aviary
16:07 Gryphon Aviary
» items
| Lesser Clarity Potion | 2 | |
| Scroll of Regeneration | 2 | |
| Scroll of Town Portal | 1 | |
| Orb of Fire | 1 | |
6 total
FalkOrc1 (
blue | 109 APM | 2039 actions | 18:42)
5 Blademaster
2 Wind Walk
3 Critical Strike
2 Shadow Hunter
1 Hex
1 Healing Wave
» actions
| Assign group hotkey | 21 | |
| Basic commands | 4 | |
| Build / train | 62 | |
| ESC pressed | 1 | |
| Enter build submenu | 15 | |
| Enter hero's abilities submenu | 7 | |
| Give item / drop item | 1 | |
| Remove unit from queue | 1 | |
| Right click | 886 | |
| Select / deselect | 233 | |
| Select group hotkey | 728 | |
| Use ability | 80 | |
2039 total
» units
| Peon | 13 | |
| Grunt | 5 | |
| Raider | 4 | |
| Troll Witch Doctor | 3 | |
| Kodo Beast | 1 | |
| Tauren | 2 | |
| Spirit Walker | 1 | |
29 total
» upgrades
| Berserker Strength | 1 | |
| Armor | 2 | |
| Melee Weapons | 2 | |
| Ensnare | 1 | |
| Witch Doctor Training | 2 | |
| Pillage | 1 | |
| Pulverize | 1 | |
| War Drums Damage Increase | 1 | |
11 total
» buildings
| Altar of Storms | 1 | |
| Orc Burrow | 5 | |
| Barracks | 1 | |
| Voodoo Lounge | 1 | |
| Stronghold | 1 | |
| War Mill | 1 | |
| Great Hall | 2 | |
| Fortress | 1 | |
| Beastiary | 1 | |
| Spirit Lodge | 1 | |
| Tauren Totem | 1 | |
16 total
» build order
00:05 Altar of Storms
00:18 Orc Burrow
00:35 Barracks
01:25 Orc Burrow
01:47 Voodoo Lounge
03:35 Stronghold
04:06 Orc Burrow
04:25 War Mill
05:07 Great Hall
07:38 Fortress
08:12 Beastiary
08:14 Spirit Lodge
08:47 Orc Burrow
08:50 Orc Burrow
11:53 Tauren Totem
13:02 Great Hall
» items
| Healing Salve | 6 | |
| Scroll of Town Portal | 3 | |
| Orb of Lightning | 1 | |
10 total
team 2 (loser)

»
MATIX- (
red | 61 APM | 1128 actions | 18:36)
4 Death Knight
2 Death Coil
2 Unholy Aura
3 Lich
2 Frost Nova
1 Frost Armor
2 Dreadlord
1 Sleep
1 Vampiric Aura
» actions
| Assign group hotkey | 14 | |
| Build / train | 41 | |
| Enter build submenu | 14 | |
| Enter hero's abilities submenu | 9 | |
| Remove unit from queue | 2 | |
| Right click | 484 | |
| Select / deselect | 291 | |
| Select group hotkey | 236 | |
| Use ability | 37 | |
1128 total
» units
| Acolyte | 2 | |
| Ghoul | 3 | |
| Crypt Fiend | 6 | |
| Obsidian Statue | 1 | |
12 total
» upgrades
| Creature Attack | 2 | |
| Burrow | 1 | |
| Creature Carapace | 2 | |
| Web | 1 | |
| Destroyer Form | 0 | |
6 total
» buildings
| Graveyard | 1 | |
| Crypt | 1 | |
| Ziggurat | 5 | |
| Altar of Darkness | 1 | |
| Tomb of Relics | 1 | |
| Nerubian Tower | 1 | |
| Halls of the Dead | 1 | |
| Slaughterhouse | 2 | |
| Black Citadel | 1 | |
| Spirit Tower | 1 | |
15 total
» build order
00:20 Graveyard
00:24 Crypt
00:41 Ziggurat
01:01 Altar of Darkness
01:32 Tomb of Relics
01:36 Nerubian Tower
02:13 Ziggurat
04:15 Halls of the Dead
04:37 Ziggurat
06:05 Ziggurat
07:05 Slaughterhouse
08:16 Black Citadel
10:07 Ziggurat
11:57 Spirit Tower
14:03 Slaughterhouse
» items
| Rod of Necromancy | 2 | |
| Dust of Appearance | 1 | |
| Scroll of Town Portal | 2 | |
5 total

»
hmongvaj (
yellow | 57 APM | 1024 actions | 17:53)
2 Death Knight
1 Death Coil
1 Unholy Aura
2 Lich
1 Frost Nova
1 Frost Armor
1 Dreadlord
1 Sleep
» actions
| Basic commands | 40 | |
| Build / train | 41 | |
| Enter build submenu | 16 | |
| Enter hero's abilities submenu | 5 | |
| Right click | 552 | |
| Select / deselect | 311 | |
| Use ability | 58 | |
1024 total
» units
| Acolyte | 4 | |
| Ghoul | 5 | |
| Crypt Fiend | 7 | |
| Frost Wyrm | 5 | |
21 total
» upgrades
| Creature Attack | 1 | |
| Web | 1 | |
| Freezing Breath | 1 | |
| Burrow | 1 | |
4 total
» buildings
| Ziggurat | 6 | |
| Altar of Darkness | 2 | |
| Crypt | 1 | |
| Tomb of Relics | 1 | |
| Graveyard | 1 | |
| Nerubian Tower | 1 | |
| Halls of the Dead | 1 | |
| Black Citadel | 1 | |
| Sacrificial Pit | 1 | |
| Boneyard | 1 | |
16 total
» build order
00:50 Ziggurat
00:53 Altar of Darkness
00:55 Crypt
01:03 Tomb of Relics
01:13 Ziggurat
01:40 Graveyard
01:47 Nerubian Tower
03:11 Halls of the Dead
03:49 Ziggurat
05:41 Black Citadel
08:11 Sacrificial Pit
09:01 Ziggurat
09:03 Boneyard
09:30 Ziggurat
13:50 Ziggurat
15:56 Altar of Darkness
» items
| Rod of Necromancy | 1 | |
| Potion of Healing | 1 | |
| Scroll of Town Portal | 1 | |
| Orb of Corruption | 1 | |
4 total
Arts999 (
purple | 58 APM | 1084 actions | 18:41)
4 Crypt Lord
2 Carrion Beetles
2 Spiked Carapace
» actions
| Basic commands | 13 | |
| Build / train | 56 | |
| Enter build submenu | 23 | |
| Enter hero's abilities submenu | 4 | |
| Remove unit from queue | 7 | |
| Right click | 590 | |
| Select / deselect | 355 | |
| Use ability | 36 | |
1084 total
» units
| Acolyte | 13 | |
| Ghoul | 9 | |
| Crypt Fiend | 4 | |
26 total
» upgrades
| Unholy Armor | 2 | |
| Web | 1 | |
| Unholy Strength | 2 | |
| Ghoul Frenzy | 1 | |
6 total
» buildings
| Altar of Darkness | 1 | |
| Ziggurat | 11 | |
| Crypt | 3 | |
| Graveyard | 1 | |
| Tomb of Relics | 3 | |
| Halls of the Dead | 1 | |
| Nerubian Tower | 2 | |
| Spirit Tower | 6 | |
| Sacrificial Pit | 1 | |
| Black Citadel | 1 | |
30 total
» build order
00:10 Altar of Darkness
00:13 Ziggurat
00:46 Crypt
01:02 Graveyard
01:20 Tomb of Relics
01:37 Ziggurat
03:43 Halls of the Dead
05:41 Ziggurat
05:43 Ziggurat
05:44 Ziggurat
05:56 Nerubian Tower
06:40 Spirit Tower
07:15 Spirit Tower
08:01 Nerubian Tower
08:15 Ziggurat
09:03 Spirit Tower
09:20 Ziggurat
09:40 Spirit Tower
09:52 Tomb of Relics
09:56 Sacrificial Pit
10:57 Spirit Tower
11:28 Ziggurat
11:38 Black Citadel
11:47 Crypt
12:11 Tomb of Relics
12:23 Crypt
12:30 Spirit Tower
14:40 Ziggurat
14:41 Ziggurat
14:44 Ziggurat
» items
| Sacrificial Skull | 1 | |
| Rod of Necromancy | 1 | |
2 total

»
cobra7987 (
teal | 25 APM | 442 actions | 17:25)
2 Mountain King
1 Thunder Clap
1 Storm Bolt
» actions
| Assign group hotkey | 6 | |
| Build / train | 38 | |
| Enter build submenu | 18 | |
| Enter hero's abilities submenu | 2 | |
| Right click | 102 | |
| Select / deselect | 114 | |
| Select group hotkey | 127 | |
| Use ability | 35 | |
442 total
» units
| Peasant | 6 | |
| Footman | 5 | |
| Goblin Shredder | 1 | |
| Gryphon Rider | 6 | |
| Siege Engine | 1 | |
| Mortar Team | 1 | |
20 total
» upgrades
| Lumber Harvesting | 2 | |
| Gunpowder | 2 | |
| Swords | 2 | |
| Storm Hammers | 1 | |
| Barrage | 1 | |
| Fragmentation Shards | 1 | |
| Plating | 1 | |
10 total
» buildings
| Altar of Kings | 1 | |
| Farm | 10 | |
| Barracks | 1 | |
| Lumber Mill | 1 | |
| Arcane Vault | 1 | |
| Keep | 1 | |
| Castle | 1 | |
| Blacksmith | 1 | |
| Gryphon Aviary | 2 | |
| Workshop | 1 | |
20 total
» build order
00:05 Altar of Kings
00:06 Farm
00:10 Barracks
01:34 Lumber Mill
02:10 Farm
03:12 Farm
03:50 Arcane Vault
03:52 Keep
03:56 Farm
04:36 Farm
05:42 Farm
06:25 Farm
06:48 Castle
07:48 Farm
08:37 Blacksmith
09:19 Gryphon Aviary
09:24 Gryphon Aviary
09:28 Workshop
09:31 Farm
10:13 Farm
» items
| Scroll of Regeneration | 2 | |
| Scroll of Town Portal | 1 | |
3 total
Chat log
(00:27 / Allies) FalkOrc1: hi
(00:30 / Allies) boberrt: hey
(00:49 / Allies) flood99: melee blue or what?
(00:53 / Allies) FalkOrc1: yeah
(01:03 / Allies) flood99: kk ill go verns
(01:05 / Allies) FalkOrc1: grunts-raiders-tauren
(01:17 / Allies) FalkOrc1: the tauren won't be particularly fast though
(01:36 / Allies) flood99: ill go verns/casters
(01:43 / Allies) FalkOrc1: which casters you doing?
(01:43 / Allies) boberrt: rifles tanks
(01:53 / Allies) flood99: ill go sham you go docs?
(01:57 / Allies) FalkOrc1: sounds good
(02:44 / Allies) FalkOrc1: crap
(02:50 / Allies) FalkOrc1: didn't mean to go bm on a map with no boots
(04:49 / Allies) FalkOrc1: orange
(04:52 / Allies) FalkOrc1: why are you not harassing
(04:58 / Allies) FalkOrc1: you're not really helping me
(05:01 / Allies) FalkOrc1: just mooching xcp
(05:04 / Allies) sc2no.wc4yes: let him be
(05:09 / Allies) flood99: calm down brother
(05:12 / Allies) sc2no.wc4yes: he did the same thing to me
(05:16 / Allies) FalkOrc1: I'm just sayin'
(05:20 / Allies) FalkOrc1: you could do a lot more good
(05:30 / Allies) flood99: wanted to get level 2 before i harrassed
(05:44 / Allies) flood99: dont get your panties in a bunch you 2
(06:27 / Allies) FalkOrc1: stay with me?
(06:32 / Allies) boberrt: coming
(07:08 / Allies) FalkOrc1: mk
(08:04 / Allies) flood99: gold please pink
(08:18 / Allies) sc2no.wc4yes: that ship sailed when you grabbed my rejuvination potion
(08:37 / Allies) flood99: little more important to me buddy
(08:46 / All) flood99: GET HIM RED
(08:53 / Allies) sc2no.wc4yes: hes afraid of web
(09:02 / Allies) flood99: nope just don't wanna help you bud
(09:11 / Allies) flood99: teched with no towers you newb
(10:17 / Allies) FalkOrc1: can I get some gold for that tp?
(10:33 / All) flood99: watch out for tanks red
(10:36 / All) flood99: and purp
(12:16 / Allies) FalkOrc1: take
(12:21 / Allies) boberrt: nah
(12:48 / All) MATIX-: you tell me to get him yet you help him?
(12:51 / Allies) FalkOrc1: note gryphs
(14:07 / Allies) FalkOrc1: thanks
(14:10 / Allies) boberrt: np
(14:23 / Allies) FalkOrc1: why didnt yall come with me there before? the base is terribly built
(15:35 / Allies) FalkOrc1: hit the altar
(15:37 / Allies) FalkOrc1: just once
(15:38 / Allies) FalkOrc1: ...
(15:42 / Allies) FalkOrc1: so he cant make a dkl
(15:43 / Allies) FalkOrc1: PINK
(15:46 / Allies) FalkOrc1: HIT THE ALTAR
(16:15 / All) sc2no.wc4yes: RAPED
(16:41 / All) sc2no.wc4yes: NOPE
(16:44 / All) sc2no.wc4yes: NO SATISFACTION
(17:37 / All) sc2no.wc4yes: DK FIENDS MORONS DOWN
(17:40 / All) sc2no.wc4yes: LEGIT PRO INNOVATORS UP
(17:49 / All) MATIX-: innovators?
(17:52 / All) sc2no.wc4yes: rap[ED
(17:56 / All) sc2no.wc4yes: ROBOT DOWN
(17:59 / All) sc2no.wc4yes: HUMAN BEING UP
(18:00 / All) MATIX-: yes you're definately the first to mass tanks
(18:03 / All) flood99: just let him feel good hes a fag
(18:15 / All) flood99: biggest bitch move in the game
(18:20 / All) MATIX-: well done pink, you're pro
(18:29 / Allies) sc2no.wc4yes: youre displaying a phenomenal amount of butthurt over not giving you gold
(18:32 / All) MATIX-: well deserved win
(18:35 / All) MATIX-: gg
(18:40 / All) flood99: nah man you're just a faggot